 Dungeon Sprint DCSS version 0.17-a0-1311-gbcbd859 (webtiles) character file.

2600000 Kidiri the Conqueror (level 22, -27/169 HPs)
             Began as a Gargoyle Fighter on June 8, 2015.
             Was the Champion of Makhleb.
             Annihilated by a destroyer
             ... wielding a +9 great sword of slicing
              (48 damage)
             ... in the Dungeon (Sprint VIII: "Arena of Blood").
             The game lasted 00:01:53 (26 turns).

Kidiri the Conqueror (Gargoyle Fighter)               Turns: 26, Time: 00:01:54

Health: -27/169    AC: 30    Str: 26    XL:     22   Next: 32%
Magic:  20/46      EV: 24    Int: 10    God:    Makhleb [******]
Gold:   0          SH:  0    Dex: 12    Spells: 0 memorised, 61 levels left

rFire  . . .     SeeInvis .     l - +∞ Axe of Woe
rCold  . . .     Clarity  .     b - +0 scale mail
rNeg   + . .     SustAt   .     (no shield)
rPois  ∞         Gourm    .     (no helmet)
rElec  +         Spirit   .     (no cloak)
rCorr  .         Warding  .     (no gloves)
rMut   .         NoTele   +     (no boots)
MR     +....                    (no amulet)
Stlth  ++++++++..               (no ring)
                                (no ring)

@: somewhat resistant to hostile enchantments, extraordinarily stealthy
A: big wings, negative energy resistance 1, electricity resistance, unbreathing,
petrification resistance, rot immunity, AC +16
a: Fly, Minor Destruction, Lesser Servant of Makhleb, Major Destruction, Greater
Servant of Makhleb, Renounce Religion


You were in the Dungeon.
You worshipped Makhleb.
Makhleb was exalted by your worship.
You were not hungry.

You visited 1 branch

Inventory:

Hand weapons
 a - a +0 war axe
 l - the +∞ Axe of Woe (weapon)
   (You found it in the Dungeon)
Armour
 b - a +0 scale mail (worn)
 c - a +0 shield
Scrolls
 k - a scroll of blinking
Potions
 d - a potion of might
 f - a potion of curing
 g - a potion of heal wounds
 h - a potion of haste
 i - 2 potions of magic
 j - a potion of berserk rage
Comestibles
 e - a bread ration


   Skills:
 O Level 27 Fighting
 O Level 27 Axes
 + Level 21.5 Throwing
 O Level 27 Armour
 O Level 27 Dodging
 O Level 27 Stealth
 + Level 23.2 Shields
 + Level 21.5 Unarmed Combat
 + Level 20.1 Spellcasting
 O Level 27 Invocations


You had 61 spell levels left.
You didn't know any spells.

Dungeon Overview and Level Annotations

Branches:
Dungeon (1/1)

Altars:
Makhleb


Innate Abilities, Weirdness & Mutations

You are resistant to torment.
Your stone body is resilient (AC +16).
You are immune to poison.
Your large and strong wings let you fly indefinitely.
You resist negative energy.
You are resistant to electric shocks.
You can survive without breathing.
You are immune to petrification.
You are immune to rotting.


Message History

You have reached level 22!
You dice the meat berserker like an onion!!!
You chop the meat berserker into pieces.
You kill the meat berserker!
Makhleb accepts your kill.
Your Throwing skill gained 2 levels and is now at level 21!
Your Shields skill gained 2 levels and is now at level 23!
Your Unarmed Combat skill gained 2 levels and is now at level 21!
Your Spellcasting skill gained 2 levels and is now at level 20!
You hear a shout! x20
The large bag of meat is engulfed in roaring flames.
You hear a shout! x3
An ogre and a hill giant come into view. 2 orcs come into view.
You hear a shout! x6
The meat berserker rages.
The destroyer hits you with a +9 great sword of slicing!!!!!
Ouch! That really hurt!
* * * LOW HITPOINT WARNING * * *
You die...

.........C..
........... .
..o........ ..
....C..... ...
#.......# .#..
#§§V....#
.....###§§.....###.
.......§)O###....o.
.#O...@§Co_%.O....
#.....V.#)§)).#o...
........#§§C._# .
#.......#O..%.#
..#........_%....
..........###......
.....###... ..###.
..... #oo. ..# #..
..#


You could see 2 destroyers, 3 large bags of meat, 3 meat berserkers and 4 bags
of meat.

Vanquished Creatures
  9 ogres (D)
  14 orcs (D)
  2 hill giants (D)
25 creatures vanquished.

Notes
Turn   | Place    | Note
--------------------------------------------------------------
     0 | D        | Kidiri the Gargoyle Fighter began the quest for the Orb.
     0 | D        | Reached XP level 1. HP: 14/14 MP: 1/1
     2 | D        | Noticed a bag of meat
     2 | D        | Noticed a bag of meat
     4 | D        | Noticed a bag of meat
     4 | D        | Noticed a bag of meat
     4 | D        | Noticed a bag of meat
     4 | D        | Noticed a bag of meat
     4 | D        | Noticed a meat berserker
     4 | D        | Noticed a bag of meat
     6 | D        | Noticed a bag of meat
     7 | D        | Noticed a bag of meat
     9 | D        | Noticed a meat berserker
     9 | D        | Became a worshipper of Makhleb the Destroyer
    10 | D        | Killed a bag of meat
    10 | D        | Reached skill level 19 in Fighting
    10 | D        | Reached XP level 2. HP: 16/40 MP: 2/2
    10 | D        | Reached XP level 3. HP: 18/45 MP: 3/3
    10 | D        | Reached XP level 4. HP: 20/51 MP: 4/4
    10 | D        | Reached XP level 5. HP: 21/56 MP: 5/5
    10 | D        | Reached XP level 6. HP: 23/62 MP: 6/6
    10 | D        | Reached XP level 7. HP: 24/67 MP: 7/7
    10 | D        | Reached XP level 8. HP: 25/72 MP: 8/8
    10 | D        | Reached XP level 9. HP: 27/78 MP: 9/9
    10 | D        | Reached XP level 10. HP: 29/84 MP: 10/10
    10 | D        | Reached XP level 11. HP: 30/89 MP: 11/11
    10 | D        | Reached XP level 12. HP: 32/95 MP: 12/12
    10 | D        | Killed a meat berserker
    10 | D        | Acquired Makhleb's first power
    10 | D        | Reached skill level 23 in Fighting
    10 | D        | Reached XP level 13. HP: 33/108 MP: 13/13
    10 | D        | Gained mutation: Your large and strong wings let you fly indefinitely. [Gargoyle growth]
    10 | D        | Reached XP level 14. HP: 35/115 MP: 14/14
    11 | D        | Noticed a bag of meat
    11 | D        | Noticed a meat berserker
    11 | D        | Killed a bag of meat
    11 | D        | Reached skill level 25 in Fighting
    11 | D        | Reached skill level 15 in Dodging
    11 | D        | Killed a bag of meat
    11 | D        | Acquired Makhleb's second power
    11 | D        | Reached skill level 26 in Fighting
    11 | D        | Reached XP level 15. HP: 83/125 MP: 15/15
    11 | D        | Killed a bag of meat
    11 | D        | Reached skill level 27 in Fighting
    11 | D        | Reached skill level 27 in Armour
    12 | D        | Noticed a meat berserker
    12 | D        | Noticed a meat berserker
    12 | D        | Killed a meat berserker
    12 | D        | Acquired Makhleb's third power
    12 | D        | Reached XP level 16. HP: 85/133 MP: 16/16
    12 | D        | Killed a meat berserker
    12 | D        | Reached XP level 17. HP: 139/139 MP: 17/17
    12 | D        | Killed a bag of meat
    12 | D        | Reached skill level 27 in Dodging
    12 | D        | Reached skill level 10 in Invocations
    12 | D        | Killed a bag of meat
    12 | D        | Acquired Makhleb's fourth power
    13 | D        | Noticed a bag of meat
    13 | D        | Noticed a meat berserker
    13 | D        | Killed a meat berserker
    13 | D        | Reached XP level 18. HP: 145/145 MP: 17/32
    13 | D        | Killed a bag of meat
    13 | D        | Acquired Makhleb's fifth power
    14 | D        | Noticed a bag of meat
    14 | D        | Killed a bag of meat
    15 | D        | Noticed a bag of meat
    15 | D        | Killed a meat berserker
    15 | D        | Reached skill level 27 in Invocations
    15 | D        | Reached XP level 19. HP: 129/151 MP: 17/36
    15 | D        | Killed a bag of meat
    16 | D        | Noticed a bag of meat
    16 | D        | Killed a meat berserker
    16 | D        | Reached skill level 27 in Axes
    17 | D        | Noticed a bag of meat
    17 | D        | Noticed a bag of meat
    17 | D        | Noticed a bag of meat
    17 | D        | Noticed a meat berserker
    18 | D        | Noticed a large bag of meat
    18 | D        | Noticed a meat berserker
    19 | D        | Killed a meat berserker
    19 | D        | Reached skill level 27 in Stealth
    19 | D        | Reached XP level 20. HP: 157/157 MP: 18/37
    19 | D        | Killed a bag of meat
    20 | D        | Killed a bag of meat
    20 | D        | Reached skill level 10 in Spellcasting
    21 | D        | Noticed a meat berserker
    21 | D        | Noticed a large bag of meat
    21 | D        | Killed a large bag of meat
    22 | D        | Noticed a meat berserker
    22 | D        | Noticed a destroyer
    22 | D        | Noticed a large bag of meat
    22 | D        | Noticed a destroyer
    23 | D        | Noticed a bag of meat
    23 | D        | Noticed a large bag of meat
    23 | D        | Noticed a bag of meat
    23 | D        | Killed a bag of meat
    23 | D        | Reached skill level 15 in Shields
    23 | D        | Reached XP level 21. HP: 163/163 MP: 19/38
    23 | D        | Killed a meat berserker
    23 | D        | Reached skill level 15 in Spellcasting
    23 | D        | Killed a bag of meat
    24 | D        | Noticed a meat berserker
    25 | D        | Noticed a large bag of meat
    25 | D        | Noticed a meat berserker
    25 | D        | Killed a large bag of meat
    25 | D        | Killed a bag of meat
    25 | D        | Reached XP level 22. HP: 169/169 MP: 20/44
    25 | D        | Killed a meat berserker
    26 | D        | Noticed a meat berserker
    26 | D        | Noticed a large bag of meat
    26 | D        | Noticed a bag of meat
    26 | D        | Noticed a bag of meat
    26 | D        | Annihilated by a destroyer

Vault maps used:
D:        meatsprint

Action                   |  1- 3 |  4- 6 |  7- 9 | 10-12 | 13-15 | 16-18 | 19-21 | 22-24 || total
-------------------------+-------+-------+-------+-------+-------+-------+-------+-------++-------
Melee: Executioner's axe |     1 |       |       |       |     2 |     3 |     6 |       ||    12
